 Dungeon Crawl Stone Soup version 0.22-a0-409-gb855193 (webtiles) character file.

558492 4thArraOfDagon the Ruinous (level 26, -1/248 HPs)
             Began as an Ogre Fire Elementalist on May 9, 2018.
             Was a High Priest of Sif Muna.
             Slain by a jiangshi (18 damage)
             ... summoned by a curse skull
             ... on level 11 of a ziggurat on May 10, 2018.
             The game lasted 03:18:25 (32801 turns).

4thArraOfDagon the Ruinous (OgFE)                  Turns: 32801, Time: 03:18:26

Health: -1/248     AC:  7    Str: 26    XL:     26   Next: 56%
Magic:  49/56      EV: 10    Int: 31    God:    Sif Muna [*****.]
Gold:   989        SH:  0    Dex:  6    Spells: 13/65 levels left

rFire    + + +     SeeInvis .   A - staff of fire
rCold    + + .     Gourm    .   (no shield)
rNeg     + . .     Faith    .   H - +2 troll leather armour
rPois    +         Spirit   .   K - -2 hat of the Alchemist {rElec rPois rF+ rC+ rN+ MR+ rMut rCorr}
rElec    +         Reflect  .   X - +1 cloak of the Aged Tales {Str+7}
rCorr    +         Harm     .   (gloves unavailable)
rMut     +                      (boots unavailable)
MR       +++..                  W - amulet of magic regeneration
Stlth    +.........             Z - ring of magical power
HPRegen  0.91/turn              v - ring "Aptuust" {rF++ rC+ Int+5 Dex-3}
MPRegen  0.60/turn

@: about to teleport, very slightly contaminated, studying Charms, drained,
divine energy
A: large, unfitting armour, antennae 1, clever 1, tough skin 1
}: 3/15 runes: serpentine, barnacled, slimy
a: Stop Divine Energy, Channel Magic, Forget Spell, Renounce Religion


You were on level 11 of a ziggurat.
You worshipped Sif Muna.
Sif Muna was extremely pleased with you.
You were not hungry.

You visited 9 branches of the dungeon, and saw 45 of its levels.
You visited 1 bazaar.
You visited 1 ziggurat, and saw 11 of its levels.
You also visited: Labyrinth and Ice Cave.

You collected 4646 gold pieces.
You spent 3657 gold pieces at shops.

Inventory:

Hand Weapons
 T - the +6 shortbow of Ilech {flame, rPois Int+8 Dex-4}
   (You found it on level 6 of the Lair of Beasts)

   It causes projectiles fired from it to burn those they strike, causing extra
   injury to most foes and up to half again as much damage against particularly
   susceptible opponents.
   It affects your intelligence (+8).
   It affects your dexterity (-4).
   It protects you from poison.
Missiles
 o - 8 throwing nets (quivered)
 G - 67 large rocks
Armour
 d - a +2 robe of the Archmagi
 H - a +2 troll leather armour (worn)
 K - the -2 hat of the Alchemist (worn) {rElec rPois rF+ rC+ rN+ MR+ rMut rCorr}
   (You bought it in a shop on level 1 of the Snake Pit)

   It protects you from fire.
   It protects you from cold.
   It insulates you from electricity.
   It protects you from poison.
   It protects you from negative energy.
   It affects your resistance to hostile enchantments.
   It protects you from acid and corrosion.
   It protects you from mutation.
 X - the +1 cloak of the Aged Tales (worn) {Str+7}
   (You acquired it in a labyrinth)

   It affects your strength (+7).
Magical Staves
 y - an uncursed staff of energy {!a}
 A - an uncursed staff of fire (weapon)
 C - an uncursed staff of power {!a}
 F - an uncursed staff of wizardry {!a}
Jewellery
 m - a cursed ring of wizardry
 s - an uncursed ring of see invisible
 v - the ring "Aptuust" (right hand) {rF++ rC+ Int+5 Dex-3}
   (You bought it in a shop on level 3 of the Shoals)

   [ring of protection from cold]

   It affects your intelligence (+5).
   It affects your dexterity (-3).
   It greatly protects you from fire.
   It protects you from cold.
 L - the ring "Ceal Koy" {Ice rN+ MR+ Int-3 Stlth+}
   (You found it on level 8 of a ziggurat)

   [ring of ice]

   It enhances your ice magic.
   It affects your intelligence (-3).
   It makes you vulnerable to fire.
   It protects you from cold.
   It protects you from negative energy.
   It affects your resistance to hostile enchantments.
   It makes you more stealthy.
 S - an uncursed ring of positive energy
 W - an amulet of magic regeneration (around neck)
 Z - a ring of magical power (left hand)
Wands
 e - a wand of digging (42)
 h - a wand of iceblast (31)
 k - a wand of clouds (17)
 O - a wand of paralysis (19)
 Y - a wand of acid (57)
Scrolls
 a - a scroll of magic mapping
 i - 15 scrolls of fog
 j - 18 scrolls of teleportation
 q - 6 scrolls of amnesia
 z - 17 scrolls of remove curse
 E - 3 scrolls of immolation
 I - 10 scrolls of fear
 N - 5 scrolls of identify
Potions
 b - 12 potions of brilliance
 f - 6 potions of magic
 g - 6 potions of flight
 l - 2 potions of resistance
 n - 4 potions of cancellation
 p - 4 potions of haste
 r - 8 potions of agility
 u - 2 potions of mutation
 w - 14 potions of curing
 x - 12 potions of heal wounds
 B - 8 potions of invisibility
 M - 3 potions of might
 Q - a potion of ambrosia
Books
 J - a manual of Charms
Miscellaneous
 P - a lamp of fire
 R - 3 phantom mirrors
 U - 3 boxes of beasts
 V - a lightning rod (4/4)
Comestibles
 c - 30 rations


   Skills:
 - Level 12.2(12.1) Fighting
 - Level 4.0(3.9) Dodging
 - Level 1.4(1.3) Stealth
 + Level 20.4(20.3) Spellcasting
 - Level 22.0(21.9) Conjurations
 - Level 21.0(20.9) Fire Magic
 * Level 10.4(10.3) Earth Magic
 - Level 14.0(13.9) Invocations
 - Level 3.1(3.0) Evocations


You had 13 spell levels left.
You knew the following spells:

 Your Spells              Type           Power        Failure   Level  Hunger
a - Ignition              Fire           ########..   1%          8    #####..
b - Shatter               Erth           #######...   100%        9    ######.
c - Sticky Flame          Conj/Fire      ########     0%          4    None
d - Fireball              Conj/Fire      ########..   0%          5    None
e - Sublimation of Blood  Necr           ####......   1%          2    None
f - Orb of Destruction    Conj           ########..   1%          7    ###....
g - Blink                 Tloc           N/A          1%          2    None
h - Bolt of Fire          Conj/Fire      ########..   1%          6    None
i - Apportation           Tloc           ####..       1%          1    None
j - Controlled Blink      Tloc           N/A          100%        8    #####..


Dungeon Overview and Level Annotations

Branches:
Dungeon (15/15)            Temple (1/1) D:5            Lair (6/6) D:10
 Shoals (4/4) Lair:3        Snake (4/4) Lair:2        Slime (5/5) Lair:6
    Orc (2/2) D:11            Elf (3/3) Orc:2        Depths (5/5) D:15
 Vaults: D:13-14        Zot: Depths:5

Altars:
Ashenzari
Cheibriados
Dithmenos
Elyvilon
Fedhas
Hepliaklqana
Makhleb
Nemelex Xobeh
Okawaru
Qazlal
Ru
Sif Muna
Uskayaw
Vehumet
Wu Jian
Xom
The Shining One
Beogh

Shops:
D:6 *   D:8 (   D:10 ?   D:12 =   Orc:1 ?   Orc:2 :?[!   Elf:1 [=*[
Shoals:1 *   Shoals:3 *   Shoals:4 *   Snake:1 [   Snake:3 ?   Depths:4 }=}

Portals:
Hell: Depths:1 Depths:2 Depths:3 Depths:4 Depths:5
Abyss: Depths:4
Pandemonium: Depths:3
Bazaar: Snake:2
Trove: D:10 (give horn of Geryon)

Annotations:
D:5 2 transporters
D:12 Rupert
Elf:3 1 runed door


Innate Abilities, Weirdness & Mutations

You are too large for most types of armour.
You have tough skin. (AC +1)
You have a pair of small antennae on your head.
Your mind is acute. (Int +2)


Message History

The spectral spriggan defender hits you but does no damage.
The spriggan defender skeleton hits you!
* * * LOW HITPOINT WARNING * * *
The necrophage hits you!
* * * LOW HITPOINT WARNING * * *
The spectral spriggan defender barely misses you.
The spriggan defender skeleton hits you!
* * * LOW HITPOINT WARNING * * *
Unknown command.
Unknown command.
You feel much better. The jiangshi claws you!
* * * LOW HITPOINT WARNING * * *
The jiangshi draws strength from your injuries!
The jiangshi claws you.
* * * LOW HITPOINT WARNING * * *
The jiangshi draws strength from your injuries!
The spectral spriggan defender hits you.
* * * LOW HITPOINT WARNING * * *
The jiangshi claws you!!
You die...

▓▓▓▓▓▓▓▓▓▓▓▓▓
▓...........▓
▓...........▓
▓▓▓▓▓▓W..........▓▓▓▓
▓....................
▓....zZ..VZ.....Z....
▓...n@ZzV.Z.....z..?=
▓.....VZ..≈≈§:.Z..)(?
▓.....Mz.≈≈≈≈≈....[)Z
▓∩.......≈§#≈≈..z.??:
▓........≈≈≈≈≈..).=?%
▓.........≈≈≈......")
▓..................%(
▓....................
▓....................


You could see 3 jiangshi, 2 curse skulls, a spectral spriggan defender, a hungry
ghost, a necrophage, a mummy, a wight, a storm dragon simulacrum, a golden
dragon zombie, a sphinx zombie and a spriggan defender skeleton.

Vanquished Creatures
  the Royal Jelly (Slime:5)
  An ancient lich (Zig:11)
  Mara (Shoals:3)
  A juggernaut (Zig:3)
  Saint Roka (Elf:2)
  Bai Suzhen (Shoals:3)
  Vashnia (Snake:3)
  7 caustic shrikes
  Nikola (Snake:4)
  A golden dragon (Depths:2)
  A bone dragon (Depths:4)
  3 hellephants
  An Ice Fiend (IceCv)
  3 deep elf blademasters
  2 liches
  3 titans
  2 deep elf master archers (Elf:3)
  A quicksilver dragon (Depths:3)
  Gastronok (D:8)
  32 acid blobs
  3 ancient champions (Zig:11)
  2 sphinxes (Depths:2)
  Kirke (Snake:3)
  4 tengu reavers
  Ilsuiw (Shoals:4)
  Roxanne (Elf:1)
  8 azure jellies
  4 nagarajas
  A revenant (Zig:11)
  4 fire giants
  An iron dragon (Depths:2)
  8 frost giants
  4 deep elf sorcerers
  A ghost moth (Zig:2)
  3 orc warlords
  Aizul (Elf:2)
  14 very ugly things
  2 deep elf elementalists (Elf:3)
  18 stone giants
  5 vampire knights
  8 deep elf demonologists
  A minotaur (Lab)
  2 black draconians (Zig:4)
  11 deep elf annihilators
  A white draconian (Depths:5)
  2 yellow draconians
  5 spark wasps
  A red draconian (Depths:5)
  A purple draconian (Zig:4)
  2 dire elephants (Zig:10)
  An eidolon (Zig:11)
  Snorg (Orc:1)
  3 ettins
  A jiangshi (Zig:11)
  11 merfolk impalers
  8 fire dragons
  7 deep elf death magi
  9 death oozes (Slime:5)
  6 merfolk javelineers
  6 deep elf high priests
  Josephine (Lair:4)
  11 great orbs of eyes
  3 yaktaur captains
  Fannar (D:11)
  4 spriggan air magi
  8 hydras
  12 naga warriors
  7 ice dragons
  13 anacondas
  2 rakshasas
  5 merfolk avatars
  3 satyrs
  A catoblepas (Lair:6)
  3 merfolk aquamancers (Shoals:4)
  8 centaur warriors
  14 two-headed ogres
  3 tengu warriors
  8 deep troll shamans
  3 death yaks (Lair:6)
  2 ogre magi (Depths:2)
  11 shock serpents
  Urug (Lair:4)
  2 spriggan berserkers
  8 orc high priests
  29 dancing weapons
  4 deep troll earth magi
  19 naga sharpshooters
  2 vampire magi (Zig:11)
  8 small abominations
  17 deep elf knights
  A hell knight (Depths:4)
  2 spriggans (Depths:3)
  3 iron trolls
  3 salamander mystics
  9 sea snakes
  4 flayed ghosts
  A glowing orange brain (Depths:2)
  14 naga ritualists
  3 wizards
  17 deep trolls
  An orange crystal statue (Depths:4)
  A shambling mangrove (Zig:1)
  Pikel (D:4)
  13 unseen horrors
  A swamp dragon (shapeshifter) (Depths:1)
  A golden dragon skeleton (Depths:1)
  2 lindwurms (Lair:6)
  11 deep elf archers
  2 phantasmal warriors (Depths:2)
  2 frost giant zombies
  8 orc knights
  51 deep elf magi
  A necromancer (Depths:1)
  A fire giant zombie (Zig:9)
  15 fauns
  13 shining eyes
  A stone giant zombie (Zig:9)
  15 harpies
  24 mana vipers
  15 manticores
  7 orc sorcerers
  7 cyclopes
  2 moths of wrath
  An oklob plant (Snake:3)
  14 ugly things
  45 black mambas
  12 salamanders
  3 centaur zombies
  7 merfolk sirens
  4 eyes of devastation
  A water nymph (shapeshifter) (Depths:3)
  4 elephants
  28 naga magi
  An ice statue (IceCv)
  3 torpor snails (Lair:6)
  17 guardian serpents
  A smoke demon (Depths:4)
  A storm dragon simulacrum (Depths:1)
  6 water nymphs
  15 spiny frogs
  A kobold demonologist (D:13)
  A spriggan zombie (Zig:9)
  5 komodo dragons
  A hellwing (Depths:4)
  An efreet (D:15)
  5 rime drakes
  A rime drake (shapeshifter) (Depths:4)
  7 ice devils
  4 freezing wraiths (IceCv)
  4 centaur skeletons
  4 anaconda simulacra (IceCv)
  21 yaktaurs
  A tormentor (Zig:9)
  3 tengu conjurers (Depths:2)
  A golden dragon simulacrum (IceCv)
  3 polar bears
  37 merfolk
  2 trolls
  2 trolls (shapeshifter)
  A meliai (shapeshifter) (Elf:1)
  A merfolk (shapeshifter) (Depths:2)
  A red devil (Depths:4)
  Prince Ribbit (D:6)
  4 wind drakes
  6 snapping turtles
  A deep troll zombie (Depths:1)
  5 hornets
  10 blink frogs
  20 hippogriffs
  A jumping spider (Zig:2)
  A raiju (shapeshifter) (D:13)
  117 slime creatures
  A dream sheep (shapeshifter) (D:13)
  12 dream sheep
  A meliai zombie (D:13)
  4 air elementals
  2 shadows
  11 redbacks
  2 hogs (Snake:3)
  43 yaks
  A fire dragon skeleton (Depths:1)
  A hog (shapeshifter) (Elf:3)
  20 water elementals
  A wyvern (D:9)
  A human (D:10)
  4 wraiths
  4 dire elephant simulacra (IceCv)
  3 basilisks
  The ghost of galech the Ducker, an amateur GnWn (D:3)
  14 golden eyes
  2 fire elementals (Elf:2)
  A neqoxec (Depths:2)
  2 vampire mosquitoes (D:13)
  A harpy simulacrum (IceCv)
  A steam dragon (Lair:2)
  An insubstantial wisp (Zig:7)
  5 large abominations (Depths:5)
  4 iron troll simulacra (IceCv)
  A soldier ant (shapeshifter) (D:15)
  A swamp worm (shapeshifter) (Depths:3)
  5 wargs
  A soldier ant (D:10)
  54 nagas
  A hell hound (Depths:4)
  2 acid dragons (D:15)
  7 water moccasins
  13 porcupines
  A hydra simulacrum (IceCv)
  2 floating eyes
  4 ice beasts
  53 orc warriors
  An ice beast (shapeshifter) (D:13)
  3 sky beasts
  5 phantoms
  11 eyes of draining
  A black bear (D:6)
  2 necrophages
  15 ogres
  23 centaurs
  4 boggarts (Depths:2)
  14 crocodiles
  Blork the orc (Orc:1)
  3 big kobolds
  2 gnoll sergeants
  19 bullfrogs
  3 earth elementals
  5 scorpions
  3 wyvern skeletons
  3 killer bees (D:11)
  2 elephant simulacra (IceCv)
  A spriggan skeleton (Lab)
  3 wights (D:11)
  A troll skeleton (Lab)
  2 electric eels
  2 howler monkeys
  6 crimson imps
  4 quasits
  2 bullfrog zombies
  11 hounds
  7 jellies
  36 orc wizards
  33 orc priests
  2 bullfrog skeletons
  3 iron imps (Depths:2)
  Terence (D:3)
  4 iguanas
  6 worker ants
  2 spriggan simulacra (IceCv)
  A troll simulacrum (IceCv)
  2 wolf simulacra (IceCv)
  A centaur simulacrum (IceCv)
  A hound zombie (D:9)
  A hound skeleton (D:7)
  A howler monkey zombie (D:10)
  2 worker ant zombies
  Robin (D:4)
  9 gnolls
  2 ogre simulacra (IceCv)
  16 adders
  5 naga simulacra (IceCv)
  5 shadow imps
  2 white imps (IceCv)
  9 ufetubi
  An adder zombie (D:9)
  3 adder skeletons
  A worm (D:2)
  2 dart slugs (D:1)
  A leopard gecko (D:11)
  113 orcs
  5 giant cockroaches
  11 goblins
  10 hobgoblins
  9 jackals
  20 kobolds
  8 quokkas
  2 ball python skeletons (D:4)
  7 bats
  8 frilled lizards
  A leopard gecko skeleton (D:5)
  A leopard gecko zombie (D:6)
  A quokka zombie (D:8)
  7 rats
  A crawling corpse (Elf:3)
  A fungus (Lair:4)
  8 plants
1952 creatures vanquished.

Vanquished Creatures (collateral kills)
  A harpy (Shoals:2)
1 creature vanquished.

Vanquished Creatures (others)
  Asterion (Depths:2)
  A harpy (Shoals:2)
  A mana viper (Snake:1)
  2 black mambas (Snake:4)
  3 humans (Snake:3)
  An orc warrior (D:15)
  A slave (D:4)
  An orc priest (D:4)
  An orc (D:4)
  A jackal (D:10)
  9 fungi
  17 plants
39 creatures vanquished.

Grand Total: 1992 creatures vanquished

Notes
Turn   | Place    | Note
-------+----------+-------------------------------------------
     0 | D:1      | 4thArraOfDagon the Ogre Fire Elementalist began the quest for the Orb.
     0 | D:1      | Reached XP level 1. HP: 16/16 MP: 3/3
    32 | D:1      | Reached skill level 1 in Conjurations
   152 | D:1      | Reached XP level 2. HP: 17/24 MP: 3/5
   753 | D:3      | Reached XP level 3. HP: 31/31 MP: 7/7
   758 | D:3      | Learned a level 3 spell: Conjure Flame
   827 | D:3      | Reached skill level 2 in Conjurations
  1023 | D:4      | Noticed Pikel
  1029 | D:5      | Entered Level 5 of the Dungeon
  1030 | D:5      | Reached XP level 4. HP: 34/39 MP: 1/8
  1040 | D:5      | Learned a level 4 spell: Sticky Flame
  1045 | D:5      | Noticed a bullfrog
  1141 | D:5      | Found a transporter.
  1156 | D:5      | Killed a bullfrog
  1156 | D:5      | Reached XP level 5. HP: 40/45 MP: 5/10
  1262 | D:7      | Noticed a centaur
  1270 | D:7      | Noticed an orc warrior
  1280 | D:7      | Reached skill level 3 in Conjurations
  1280 | D:7      | Killed an orc warrior
  1280 | D:7      | Reached XP level 6. HP: 18/53 MP: 3/11
  1360 | D:7      | Reached skill level 4 in Conjurations
  1360 | D:7      | Reached XP level 7. HP: 19/59 MP: 7/13
  1526 | D:6      | Noticed Prince Ribbit
  1542 | D:6      | Killed Prince Ribbit
  1542 | D:6      | Reached skill level 1 in Fighting
  1542 | D:6      | Reached skill level 5 in Fire Magic
  1644 | D:6      | Learned a level 5 spell: Fireball
  1707 | D:6      | Reached XP level 8. HP: 58/72 MP: 9/15
  1717 | D:6      | Reached skill level 5 in Conjurations
  1870 | D:6      | Reached skill level 5 in Spellcasting
  1911 | D:6      | Found a sacrificial altar of Ru.
  1977 | D:5      | Found a staircase to the Ecumenical Temple.
  2233 | D:5      | Found a transporter.
  2353 | D:4      | Killed Pikel
  2353 | D:4      | Reached skill level 6 in Conjurations
  2382 | D:4      | Noticed Robin
  2423 | D:4      | Reached XP level 9. HP: 66/84 MP: 12/17
  2515 | D:3      | Noticed galech's ghost (amateur GnWn)
  2535 | D:3      | Noticed Terence
  2603 | D:4      | Found a sparkling altar of Nemelex Xobeh.
  2708 | Temple   | Entered the Ecumenical Temple
  2740 | Temple   | Became a worshipper of Sif Muna the Loreminder
  3890 | D:3      | Killed Terence
  3903 | D:3      | Killed galech's ghost
  3984 | D:3      | Reached skill level 1 in Invocations
  4337 | D:4      | Killed Robin
  4579 | D:6      | Reached * piety under Sif Muna
  4678 | D:6      | Reached skill level 5 in Fighting
  4689 | D:6      | Found Xoenauna's Elemental Accessories.
  4754 | D:6      | You fall through a shaft for 2 floors!
  4796 | D:7      | Reached skill level 7 in Conjurations
  5055 | D:6      | Bought an uncursed staff of fire for 350 gold pieces
  5298 | D:7      | Reached ** piety under Sif Muna
  5487 | D:7      | Reached XP level 10. HP: 93/98 MP: 6/19
  5611 | D:8      | Found Igusk's Antique Weapon Shop.
  5653 | D:8      | Noticed a two-headed ogre
  5678 | D:8      | Noticed a two-headed ogre
  5707 | D:8      | Killed a two-headed ogre
  5736 | D:8      | Killed a two-headed ogre
  5736 | D:8      | Reached skill level 8 in Conjurations
  5887 | D:8      | Noticed Gastronok
  5991 | D:8      | Killed Gastronok
  5991 | D:8      | Reached *** piety under Sif Muna
  5991 | D:8      | Reached XP level 11. HP: 85/109 MP: 4/22
  6375 | D:9      | Reached skill level 5 in Invocations
  6396 | D:9      | Noticed a two-headed ogre
  6403 | D:9      | Killed a two-headed ogre
  6403 | D:9      | Reached skill level 9 in Conjurations
  6752 | D:9      | Reached **** piety under Sif Muna
  7213 | D:10     | Entered Level 10 of the Dungeon
  7274 | D:10     | Found a portal to a secret trove of treasure.
  7537 | D:10     | Found Hesh's Magic Scroll Shop.
  7546 | D:10     | Bought a scroll of teleportation for 42 gold pieces
  7546 | D:10     | Bought a scroll of teleportation for 42 gold pieces
  7546 | D:10     | Bought a scroll of identify for 28 gold pieces
  7546 | D:10     | Bought a scroll of identify for 28 gold pieces
  7553 | D:10     | Found a staircase to the Lair.
  8112 | D:11     | Reached skill level 10 in Fire Magic
  8168 | D:11     | Reached ***** piety under Sif Muna
  8226 | D:11     | Noticed an unseen horror
  8227 | D:11     | Killed an unseen horror
  8227 | D:11     | Identified Sif Muna's Grimoire of Hurtful Ignition (Sif Muna gifted it to you on level 11 of the Dungeon)
  8227 | D:11     | Received a gift from Sif Muna
  8227 | D:11     | Reached XP level 12. HP: 75/122 MP: 3/24
  8414 | D:11     | Found a staircase to the Orcish Mines.
  8466 | D:11     | Reached skill level 10 in Conjurations
  8642 | D:12     | Noticed Fannar
  8650 | D:11     | Killed Fannar
  8680 | D:12     | Found Kiotarphy's Jewellery Emporium.
  8887 | D:12     | Noticed a two-headed ogre
  8894 | D:12     | Noticed Rupert
  8898 | D:12     | Killed a two-headed ogre
  9061 | D:12     | Upgraded the game from 0.22-a0-407-gb098539 to 0.22-a0-409-gb855193
  9147 | D:13     | Noticed a centaur warrior
  9151 | D:13     | Killed a centaur warrior
  9157 | D:13     | Noticed a centaur warrior
  9254 | D:13     | Reached skill level 10 in Fighting
  9305 | D:13     | Reached XP level 13. HP: 112/133 MP: 14/26
  9316 | D:13     | Reached skill level 11 in Conjurations
  9756 | D:15     | Entered Level 15 of the Dungeon
 10021 | D:15     | Reached skill level 10 in Spellcasting
 10059 | D:15     | Noticed a fire dragon
 10380 | D:14     | Identified the Almanac of Black Secrets and Heat
 10390 | D:14     | Learned a level 2 spell: Sublimation of Blood
 10620 | Orc:1    | Entered Level 1 of the Orcish Mines
 10640 | Orc:1    | Noticed Blork the orc
 10655 | Orc:1    | Killed Blork the orc
 10661 | Orc:1    | Noticed Snorg
 10667 | Orc:1    | Killed Snorg
 10703 | Orc:1    | Found a roughly hewn altar of Beogh.
 10703 | Orc:1    | Found Tonn's Magic Scroll Emporium.
 10870 | Orc:1    | Noticed an orc warlord
 10909 | Orc:1    | Killed an orc warlord
 11140 | Orc:1    | Found a roughly hewn altar of Beogh.
 11141 | Orc:1    | Reached skill level 12 in Conjurations
 11144 | Orc:1    | Reached XP level 14. HP: 111/146 MP: 1/28
 11245 | Orc:2    | Entered Level 2 of the Orcish Mines
 11639 | Orc:2    | Found a staircase to the Elven Halls.
 11839 | Orc:2    | Found Lorchobeg's Book Boutique.
 11839 | Orc:2    | Found Rableyma's Magic Scroll Emporium.
 11841 | Orc:2    | Found Xahel's Distillery.
 11841 | Orc:2    | Found Moca Eqa's Armour Boutique.
 11854 | Orc:2    | :/
 11859 | Orc:2    | Bought a scroll of magic mapping for 59 gold pieces
 11859 | Orc:2    | Bought a scroll of magic mapping for 59 gold pieces
 11859 | Orc:2    | Bought a scroll of identify for 34 gold pieces
 11859 | Orc:2    | Bought a scroll of identify for 34 gold pieces
 11859 | Orc:2    | Bought a scroll of identify for 34 gold pieces
 11861 | Orc:2    | Bought 2 potions of haste for 260 gold pieces
 11861 | Orc:2    | Bought a potion of brilliance for 52 gold pieces
 11861 | Orc:2    | Bought a potion of brilliance for 52 gold pieces
 11861 | Orc:2    | Bought a potion of mutation for 104 gold pieces
 11861 | Orc:2    | Bought a potion of curing for 39 gold pieces
 11861 | Orc:2    | Bought a potion of heal wounds for 65 gold pieces
 11861 | Orc:2    | Bought a potion of magic for 104 gold pieces
 11861 | Orc:2    | Gained mutation: Your mind is acute. (Int +2) [potion of mutation]
 11861 | Orc:2    | Gained mutation: You have a pair of small antennae on your head. [potion of mutation]
 11976 | Lair:1   | Entered Level 1 of the Lair of Beasts
 12424 | Lair:4   | Noticed Urug
 12429 | Lair:4   | Killed Urug
 12680 | Lair:3   | Identified the +4 great sword of Evisceration {venom, *Drain rElec MR+} (You found it on level 3 of the Lair of Beasts)
 12945 | Lair:5   | Found a labyrinth entrance.
 12957 | Lab      | Entered a labyrinth
 13274 | Lab      | Found the distressingly furry robe
 13275 | Lab      | Identified the cursed -5 robe of Misfortune {-Cast *Contam *Tele *Drain EV-5 Stlth-- *Curse} (You found it in a labyrinth)
 13291 | Lab      | Identified a scroll of acquirement
 13292 | Lab      | Got a fine cloak
 13293 | Lab      | Identified the +1 cloak of the Aged Tales {Str+7} (You acquired it in a labyrinth)
 13299 | Lab      | :*
 13479 | Lair:6   | Entered Level 6 of the Lair of Beasts
 13527 | Lair:6   | Received a gift from Sif Muna
 13533 | Lair:6   | Reached skill level 10 in Invocations
 13565 | Lair:6   | Learned a level 7 spell: Orb of Destruction
 13590 | Lair:6   | Reached skill level 13 in Conjurations
 13593 | Lair:6   | Reached XP level 15. HP: 156/157 MP: 16/30
 13744 | Lair:6   | Got a jewelled shortbow
 13781 | Lair:6   | incide: wut
 13783 | Lair:6   | incide: @??dream sheep
 13783 | Lair:6   | XtahuaRules: dream sheep (Y)
                  | Spd:
    10 | HD: 9    | HP: 18-26
                  | AC/EV: 2/10
                  | Dam: 13
                  | Res: magic(30)
                  | XP: 256
                  | Sp: dream dust [!AM, !sil]
                  | Sz: Medium
                  | Int: animal.
 13791 | Lair:6   | incide: ??dream sheep
 13791 | Lair:6   | XtahuaRules: dream sheep[1/3]: Magical sheep that will put you to sleep when gathered in large herds. Once were sheep in 0.18 and earlier.
 14356 | Lair:5   | Identified the +6 shortbow of Ilech {flame, rPois Int+8 Dex-4} (You found it on level 6 of the Lair of Beasts)
 14368 | Lair:4   | Noticed Josephine
 14372 | Lair:4   | Reached skill level 14 in Conjurations
 14377 | Lair:4   | Killed Josephine
 14758 | Elf:1    | Entered Level 1 of the Elven Halls
 15065 | Elf:1    | Found Fucwouhoigg's Jewellery Shop.
 15221 | Elf:1    | Found Jegge's Assorted Antiques.
 15224 | Elf:1    | Received a gift from Sif Muna
 15283 | Elf:1    | Bought a bubbling amethyst potion for 36 gold pieces
 15305 | Elf:1    | Found Unogy's Antique Armour Shoppe.
 15318 | Elf:1    | Noticed Roxanne
 15330 | Elf:1    | Found Lodghidoll's Antique Armour Shoppe.
 15453 | Elf:1    | Reached skill level 15 in Conjurations
 15514 | Elf:1    | Reached XP level 16. HP: 149/165 MP: 17/33
 15551 | Elf:1    | Reached XP level 17. HP: 172/172 MP: 18/34
 15610 | Elf:1    | Bought a distressingly furry shield for 247 gold pieces
 15618 | Elf:1    | Identified the -3 shield of the Pits of Slime {rPois SInv} (You bought it in a shop on level 1 of the Elven Halls)
 15932 | Elf:2    | Found a runed gate.
 15932 | Elf:2    | Found a runed gate.
 15936 | Elf:2    | Found a runed gate.
 16073 | Elf:3    | Entered Level 3 of the Elven Halls
 16159 | Elf:3    | Got a twisted double sword {flame}
 16164 | Elf:3    | Identified the +3 double sword of Pufyrera {flame, rF+ rN++ MR-} (You took it off a deep elf mage on level 3 of the Elven Halls)
 16175 | Elf:3    | Found a runed door.
 16218 | Elf:3    | Sergey: why do you carry plane TLA? I saw you dropped +2 TLA
 16218 | Elf:3    | 4thArraOfDagon: ahh, yea...
 16239 | Elf:3    | incide: oooh necromut
 16289 | Elf:3    | Found a radiant altar of Vehumet.
 16589 | Elf:3    | Reached skill level 16 in Conjurations
 16592 | Elf:3    | Noticed a deep elf blademaster
 16599 | Elf:3    | Killed a deep elf blademaster
 16639 | Elf:3    | Noticed a deep elf blademaster
 16648 | Elf:3    | Killed a deep elf blademaster
 16727 | Elf:3    | Reached XP level 18. HP: 182/182 MP: 23/36
 16741 | Elf:3    | Noticed an Ice Fiend
 16817 | Elf:3    | Noticed a deep elf master archer
 16818 | Elf:3    | Killed a deep elf master archer
 16833 | Elf:3    | Reached skill level 15 in Fire Magic
 16972 | Elf:3    | Noticed a deep elf master archer
 16984 | Elf:3    | Killed a deep elf master archer
 17107 | Elf:3    | Got a bound tin ring
 17116 | Elf:3    | Identified the ring of Jeuhimom {Str+2 Dex+3 Stlth+} (You found it on level 3 of the Elven Halls)
 17119 | Elf:3    | Got a warped copper amulet
 17122 | Elf:3    | Identified the amulet "Hoidac" {Harm *Drain Fragile rPois rF+ Str+3} (You found it on level 3 of the Elven Halls)
 17124 | Elf:3    | Got a slimy amber ring
 17125 | Elf:3    | Identified the ring "Dege" {rF+++ Dex+6} (You found it on level 3 of the Elven Halls)
 17149 | Elf:3    | Identified the Compendium of Displacement and Unholy Rites
 17155 | Elf:3    | Got a steaming demon trident
 17156 | Elf:3    | Identified the +11 demon trident of Fortitude {vamp, rPois rF+ rN+} (You found it on level 3 of the Elven Halls)
 17334 | Elf:2    | Noticed Aizul
 17344 | Elf:2    | Killed Aizul
 17370 | Elf:2    | Noticed Saint Roka
 17584 | Elf:2    | Killed Saint Roka
 17584 | Elf:2    | Reached skill level 17 in Conjurations
 17630 | Elf:2    | Noticed a deep elf blademaster
 17636 | Elf:2    | Killed a deep elf blademaster
 17804 | Elf:2    | Reached skill level 15 in Spellcasting
 17894 | Elf:1    | Killed Roxanne
 18136 | Lair:2   | Found a staircase to the Snake Pit.
 18217 | Snake:1  | Entered Level 1 of the Snake Pit
 18225 | Snake:1  | Reached XP level 19. HP: 172/189 MP: 4/38
 18674 | Snake:1  | Found Xaihadoo's Armour Boutique.
 18681 | Snake:1  | Bought the -2 hat of the Alchemist {rElec rPois rF+ rC+ rN+ MR+ rMut rCorr} for 896 gold pieces
 18681 | Snake:1  | Found the -2 hat of the Alchemist {rElec rPois rF+ rC+ rN+ MR+ rMut rCorr}
 19025 | Snake:2  | Identified Sif Muna's Compendium of Dark Arts (Sif Muna gifted it to you on level 2 of the Snake Pit)
 19025 | Snake:2  | Received a gift from Sif Muna
 19212 | Snake:2  | Reached skill level 18 in Conjurations
 19351 | Snake:2  | Found a gateway to a bazaar.
 19362 | Snake:2  | WHY
 19479 | Snake:3  | Noticed Kirke
 19483 | Snake:3  | Killed Kirke
 19572 | Snake:3  | Noticed Vashnia
 19679 | Snake:3  | Found a glowing golden altar of the Shining One.
 19784 | Snake:3  | Found Lauvayx's Magic Scroll Shop.
 19911 | Snake:4  | Entered Level 4 of the Snake Pit
 19989 | Snake:4  | Noticed Nikola
 19992 | Snake:4  | Killed Nikola
 20093 | Snake:4  | Reached XP level 20. HP: 127/198 MP: 2/39
 20195 | Snake:4  | Found a flickering gateway to a bazaar.
 20207 | Bazaar   | Entered a bazaar
 20221 | Bazaar   | Found Acsepn's Weapon Emporium.
 20236 | Bazaar   | Found Qedo's Antique Weapon Emporium.
 20236 | Bazaar   | Found Gubev's Gadget Shoppe.
 20251 | Bazaar   | Found Huimniha's Assorted Antiques.
 20251 | Bazaar   | Found Zaguejau's Weapon Shoppe.
 20272 | Bazaar   | Found Cimena's Armour Emporium.
 20569 | Snake:4  | Sergey: I just think abot playing FoFe
 20596 | Snake:4  | Sergey: you will always detect your enemies and can fireball them from out of their los
 21203 | Snake:4  | Learned a level 2 spell: Blink
 21445 | Snake:4  | Got a serpentine rune of Zot
 21536 | Snake:3  | Killed Vashnia
 21536 | Snake:3  | Reached skill level 19 in Conjurations
 21683 | Snake:3  | Bought a scroll of teleportation for 45 gold pieces
 21683 | Snake:3  | Bought a scroll of teleportation for 45 gold pieces
 21683 | Snake:3  | Bought a scroll of teleportation for 45 gold pieces
 21683 | Snake:3  | Bought a scroll of teleportation for 45 gold pieces
 22413 | Lair:3   | Found a staircase to the Shoals.
 22422 | Shoals:1 | Entered Level 1 of the Shoals
 22422 | Shoals:1 | Found a frozen archway.
 22509 | Shoals:1 | Identified Sif Muna's Incunabulum of Congealing Confrontation (Sif Muna gifted it to you on level 1 of the Shoals)
 22509 | Shoals:1 | Received a gift from Sif Muna
 22522 | IceCv    | Entered an ice cave
 22531 | IceCv    | Learned a level 6 spell: Bolt of Fire
 22533 | IceCv    | Learned a level 1 spell: Apportation
 22910 | IceCv    | Got a jewelled hat
 22921 | IceCv    | Identified the +1 hat of Unreason {Regen+} (You found it in an ice cave)
 23170 | Shoals:1 | Reached XP level 21. HP: 197/206 MP: 32/41
 23213 | Shoals:1 | Found Suffy's Assorted Antiques.
 23796 | Shoals:3 | Noticed Bai Suzhen
 23799 | Shoals:3 | Received a gift from Sif Muna
 23860 | Shoals:3 | Killed Bai Suzhen
 24031 | Shoals:3 | Noticed Mara
 24039 | Shoals:3 | Noticed 4thArraOfDagon's illusion
 24040 | Shoals:3 | Killed Mara
 24237 | Shoals:3 | Found Cauh's General Store.
 24333 | Shoals:4 | Entered Level 4 of the Shoals
 24356 | Shoals:4 | Found Elutof's General Store.
 24531 | Shoals:4 | Got a barnacled rune of Zot
 24605 | Shoals:4 | Identified the Catalogue of Hurtful Displacement
 24651 | Shoals:4 | Identified the +0 falchion "Ocopewn" {freeze, Str+4} (You found it on level 4 of the Shoals)
 24677 | Shoals:4 | Received a gift from Sif Muna
 24705 | Shoals:4 | Learned a level 8 spell: Ignition
 24794 | Shoals:4 | Noticed Ilsuiw
 24798 | Shoals:4 | Killed Ilsuiw
 24798 | Shoals:4 | Reached skill level 20 in Conjurations
 25456 | Lair:6   | Found a staircase to the Slime Pits.
 25461 | Slime:1  | Entered Level 1 of the Pits of Slime
 25650 | Slime:2  | Received a gift from Sif Muna
 25657 | Slime:2  | Reached XP level 22. HP: 206/215 MP: 32/43
 26393 | Slime:3  | Learned a level 8 spell: Controlled Blink
 26429 | Slime:5  | Entered Level 5 of the Pits of Slime
 26775 | Slime:5  | Identified Sif Muna's Papyrus of Dusty Companions (Sif Muna gifted it to you on level 5 of the Pits of Slime)
 26775 | Slime:5  | Received a gift from Sif Muna
 26917 | Slime:5  | Noticed the Royal Jelly
 26930 | Slime:5  | Killed the Royal Jelly
 26949 | Slime:5  | Reached skill level 21 in Conjurations
 26956 | Slime:5  | Identified the Reference Book on Cloudy Companions
 26990 | Slime:5  | Got a slimy rune of Zot
 27045 | Slime:5  | Identified the amulet of Syndicalism {Harm *Drain Dex+9} (You found it on level 5 of the Pits of Slime)
 27403 | Shoals:3 | Bought the ring "Aptuust" {rF++ rC+ Int+5 Dex-3} for 912 gold pieces
 27878 | D:15     | Found a snail-covered altar of Cheibriados.
 27931 | D:15     | Found a staircase to the Depths.
 27972 | Depths:1 | Entered Level 1 of the Depths
 28113 | Depths:1 | Reached XP level 23. HP: 206/223 MP: 44/45
 28153 | Depths:1 | Received a gift from Sif Muna
 28407 | Depths:1 | Found a gateway to Hell.
 29221 | Depths:2 | HP: 4/223 [yaktaur/bolt (27)]
 29418 | Depths:2 | Identified Sif Muna's Incunabulum of Hurtful Protection (Sif Muna gifted it to you on level 2 of the Depths)
 29418 | Depths:2 | Received a gift from Sif Muna
 29670 | Depths:2 | Noticed a golden dragon
 29675 | Depths:2 | Killed a golden dragon
 29771 | Depths:2 | Noticed a caustic shrike
 29775 | Depths:2 | Killed a caustic shrike
 29827 | Depths:2 | Noticed Asterion
 29833 | Depths:2 | Killed Asterion
 30276 | Depths:5 | Entered Level 5 of the Depths
 30383 | Depths:5 | Reached XP level 24. HP: 231/231 MP: 36/45
 30642 | Depths:4 | Found a runed door.
 30658 | Depths:4 | Noticed a caustic shrike
 30662 | Depths:4 | Killed a caustic shrike
 30672 | Depths:4 | Noticed a caustic shrike
 30673 | Depths:4 | Noticed a caustic shrike
 30675 | Depths:4 | Noticed a caustic shrike
 30675 | Depths:4 | Killed a caustic shrike
 30676 | Depths:4 | Noticed a caustic shrike
 30679 | Depths:4 | Killed a caustic shrike
 30717 | Depths:4 | Killed a caustic shrike
 30763 | Depths:4 | Killed a caustic shrike
 30808 | Depths:4 | Reached skill level 22 in Conjurations
 30815 | Depths:4 | Received a gift from Sif Muna
 30928 | Depths:4 | Found a gateway to a ziggurat.
 31011 | Depths:4 | Learned a level 9 spell: Shatter
 31043 | Depths:4 | Found a runed door.
 31049 | Depths:4 | Reached skill level 1 in Earth Magic
 31255 | Depths:4 | Found a one-way gate to the infinite horrors of the Abyss.
 31399 | Depths:4 | Found Lyocs's Gadget Emporium.
 31399 | Depths:4 | Found Asuenut's Jewellery Shop.
 31400 | Depths:4 | Found Peggisas's Gadget Emporium.
 31661 | Depths:3 | Found a glowing golden altar of the Shining One.
 31682 | Depths:3 | Reached skill level 5 in Earth Magic
 31804 | Depths:3 | Found a one-way gate leading to the halls of Pandemonium.
 32039 | Zig:1    | Entered Level 1 of a ziggurat
 32073 | Zig:2    | Entered Level 2 of a ziggurat
 32126 | Zig:3    | Entered Level 3 of a ziggurat
 32127 | Zig:3    | Noticed a juggernaut
 32133 | Zig:3    | Killed a juggernaut
 32133 | Zig:3    | Reached XP level 25. HP: 220/239 MP: 24/46
 32171 | Zig:4    | Entered Level 4 of a ziggurat
 32204 | Zig:5    | Entered Level 5 of a ziggurat
 32296 | Zig:6    | Entered Level 6 of a ziggurat
 32311 | Zig:6    | Identified Sif Muna's Almanac of Enchanting Weightlessness (Sif Muna gifted it to you on level 6 of a ziggurat)
 32311 | Zig:6    | Received a gift from Sif Muna
 32368 | Zig:6    | Reached XP level 26. HP: 248/248 MP: 47/47
 32371 | Zig:7    | Entered Level 7 of a ziggurat
 32390 | Zig:8    | Entered Level 8 of a ziggurat
 32518 | Zig:8    | Found the +8 longbow "Zephyr" {speed, Dex+3 SInv}
 32534 | Zig:8    | Got a twitching glass ring
 32535 | Zig:8    | Identified the ring "Ceal Koy" {Ice rN+ MR+ Int-3 Stlth+} (You found it on level 8 of a ziggurat)
 32554 | Zig:9    | Entered Level 9 of a ziggurat
 32583 | Zig:9    | Identified the Volume of Dark Good Luck
 32585 | Zig:10   | Entered Level 10 of a ziggurat
 32774 | Zig:11   | Entered Level 11 of a ziggurat
 32786 | Zig:11   | Noticed an ancient lich
 32789 | Zig:11   | Reached skill level 10 in Earth Magic
 32793 | Zig:11   | Killed an ancient lich
 32793 | Zig:11   | Received a gift from Sif Muna
 32797 | Zig:11   | HP: 8/248 [spriggan defender skeleton[a curse skull] (7)]
 32801 | Zig:11   | Slain by a jiangshi

Vault maps used:
D:1:      ncdulo_lavacross
D:2:      minmay_misc_feat_encased, serial_bayou_crossing
D:3:      uniq_terence
D:4:      nemelex_xobeh_ov_fountains_minmay, uniq_pikel, uniq_robin
D:5:      gammafunk_cloud_chamber, minmay_temple_entry_poolview, first_ration
D:6:      lemuel_doored_altar, nicolae_elemental_shop, uniq_prince_ribbit1
D:8:      serial_shops, nicolae_shop_temple_entry_statues_fountains,
          uniq_gastronok
D:10:     lair_entry_dummy, serial_shops, nicolae_shop_statue_plus,
          enter_trove_1, hangedman_stone_soup, grunt_ministairs_5
D:11:     orc_0_dummy
D:12:     serial_shops, shop, minmay_misc_feat_hallway, kennysheep_nub,
          dk_vineyard_2, uniq_rupert, uniq_fannar
D:13:     david_vaults_2
D:14:     minmay_misc_feat_plants, item_on_display_b
D:15:     grunt_enter_depths_snipers, cheibriados_altar_1
Temple:   regret_index_temple_sigil_plot
Lair:2:   minmay_snake_entry_guardpost_medium, beast_lair_carwin_8
Lair:3:   elwin_shoals_entry_stream
Lair:4:   st_stairs_11, uniq_josephine, uniq_urug
Lair:5:   lab_entry_generic
Lair:6:   hangedman_lair_in_review, dpeg_slime_entry_corner,
          serial_bayou_ford_a, st_stairs_11
Shoals:1: serial_shops, nicolae_shop_overgrown_old_shop,
          portal_ice_cave_entry_pillars_1
Shoals:3: serial_shops, nicolae_shop_crystal, uniq_bai_suzhen, uniq_mara
Shoals:4: shoals_end_grunt_ice, shoals_ilsuiw_ice, serial_shops, shop
Snake:1:  serial_shops, nicolae_shop_statue_plus, grunt_ministairs_9
Snake:2:  serial_shops, bzr_entry_water
Snake:3:  serial_shops, nicolae_shop_trees, lemuel_oklob_altar, uniq_vashnia,
          uniq_kirke
Snake:4:  grunt_snake_rune_serpentine_throne, serial_shops, bzr_firewalk,
          spider_trap, grunt_ministairs_1, uniq_nikola
Slime:2:  cheibrodos_slime_lost_civilization_4
Orc:1:    orc_temple, basic_altar, serial_shops, shop, sword_in_stone,
          uniq_snorg
Orc:2:    grunt_orc_tribal_feast, special_room
Elf:1:    eino_elf_arrival_sip, serial_shops, shop, shop,
          nicolae_shop_competitors_out_of_business, shop,
          hangedman_elf_represent, uniq_roxanne
Elf:2:    uniq_saint_roka, uniq_aizul
Elf:3:    elf_hall, basic_altar, minmay_the_grid_square_5x5_3x3_mashed
Depths:1: nicolae_lava_and_water, serial_glass, glass_columns_a,
          glass_columns_b, item_on_display_a, feat_on_display,
          item_on_display_a, due_unseen_surprise,
          nicolae_abyss_entry_one_way_or_another, serial_shops, shop,
          hell_entry, spider_trap, minmay_crystal_water,
          eino_small_chamber_without_monster, corner_web_ring,
          nicolae_water_bricks, lemuel_flamethrower_2
Depths:2: minmay_concentric_multi, grunt_pan_entry_spiral, hell_entry,
          infiniplex_staircase_split_hallway, uniq_asterion
Depths:3: minmay_diamond_stairs, hell_entry, tso_metal_star,
          grunt_pan_entry_sceptre, serial_bayou_shore_b, serial_bayou_shore_a,
          serial_bayou_shore_b, minmay_staircase_bubble
Depths:4: thingy_vault_2, enter_ziggurat_d, hellmouth_1,
          abyss_entry_small_statue_room, kennysheep_nondescript,
          grunt_megastairs_5, minmay_shop_grove, infiniplex_staircase_pillars_1
Depths:5: evilmike_zot_entry_castle, minmay_misc_feat_square, hell_entry,
          laboratory
Zig:3:    ziggurat_pillar_centre_c
Zig:9:    ziggurat_pillar_centre_dead_trees
Lab:      labyrinth_baited_teleportation_trap, nicolae_lab_flowing_pool,
          nicolae_lab_diamond, nicolae_lab_swirl, nicolae_lab_checkerboard,
          nicolae_lab_stuck, nicolae_lab_quarters
Bazaar:   bazaar_long_row
IceCv:    ice_cave_caverns_03

Skill      XL: |  1  2  3  4  5  6  7  8  9 10 11 12 13 14 15 16 17 18 19 20 21 22 23 24 25 26 |
---------------+-------------------------------------------------------------------------------+-----
Conjurations   | 1 2 3 4 6 7 8 9 10 12 13 15 16 17 18 19 20 21 22 | 22.0
Fire Magic     | 3 4 5 6 7 9 10 11 12 13 14 15 16 18 19 20 21 | 21.0
Spellcasting   | 3 4 5 6 7 8 9 10 11 13 14 15 16 17 18 19 20 | 20.4
Fighting       | 2 4 5 7 8 10 11 12 | 12.2
Invocations    | 2 4 6 7 8 10 11 13 14 | 14.0
Dodging        | 4 |  4.0
Evocations     | 3 |  3.1
Earth Magic    | 6 8 10 | 10.4
Stealth        | |  1.4

Action                   |  1- 3 |  4- 6 |  7- 9 | 10-12 | 13-15 | 16-18 | 19-21 | 22-24 | 25-27 || total
-------------------------+-------+-------+-------+-------+-------+-------+-------+-------+-------++-------
Melee: Dagger            |    24 |       |       |       |       |       |       |       |       ||    24
       Short sword       |    17 |    23 |   214 |    10 |       |       |       |       |       ||   264
       Staff             |       |       |    13 |   175 |   105 |       |     4 |       |       ||   297
       Giant spiked club |       |       |       |    83 |       |       |       |       |       ||    83
       Shortbow          |       |       |       |       |     7 |     2 |       |       |       ||     9
Throw: Throwing net      |       |       |       |       |       |     1 |     1 |       |       ||     2
 Cast: Flame Tongue      |    38 |     6 |    62 |   105 |     7 |       |       |       |       ||   218
       Conjure Flame     |       |     1 |     5 |    38 |    19 |       |     3 |       |       ||    66
       Sticky Flame      |       |     3 |    39 |    73 |   106 |    15 |    26 |    10 |       ||   272
       Fireball          |       |       |       |    43 |   288 |   163 |   443 |   113 |     1 ||  1051
       Orb of Destructio |       |       |       |       |    11 |    78 |   178 |   169 |    17 ||   453
       Sublimation of Bl |       |       |       |       |     2 |       |       |       |       ||     2
       Bolt of Fire      |       |       |       |       |       |       |    26 |   249 |    12 ||   287
       Ignition          |       |       |       |       |       |       |     8 |    53 |    22 ||    83
       Apportation       |       |       |       |       |       |       |       |     3 |     3 ||     6
       Blink             |       |       |       |       |       |       |       |     2 |       ||     2
Invok: Divine Energy     |       |       |     1 |       |       |       |       |       |       ||     1
       Channel Magic     |       |       |       |    11 |    45 |    40 |    41 |    30 |     3 ||   170
Evoke: Wand              |       |     5 |     4 |       |       |       |     4 |     3 |       ||    16
       Staff of energy   |       |       |       |       |       |     4 |    86 |   266 |    33 ||   389
  Use: Scroll            |     3 |     4 |     5 |     6 |    22 |     6 |     6 |    10 |     5 ||    67
       Potion            |     1 |     4 |       |     1 |     2 |     3 |     4 |     3 |     5 ||    23
 Stab: Sleeping          |     5 |       |     1 |       |       |       |       |       |       ||     6
  Eat: Chunk             |       |     3 |    16 |    25 |    70 |    32 |    46 |    28 |     5 ||   225
       Ration            |       |       |     1 |     2 |     4 |       |     9 |     6 |     2 ||    24
Armor: Robe              |     9 |    42 |    95 |   114 |    25 |    10 |     7 |       |       ||   302
       Troll leather arm |       |       |       |    35 |    62 |     2 |    18 |    21 |    17 ||   155
       Skin              |       |       |       |       |       |       |     8 |       |       ||     8
Dodge: Dodged            |    31 |    49 |   152 |   273 |   137 |    20 |    98 |    72 |    21 ||   853

Table legend:
 A = Spawn XP
 B = Non-spawn XP
 C = Spawn XP percentage of total XP
 D = Spawn monster count
 E = Non-spawn monster count
 F = Spawn count percentage of total count
 G = Total turns spent on level
                    A         B        C        D         E        F      G
               +---------+---------+-------+---------+---------+-------+---------
         Total |       0 |  994301 |   0.0 |       0 |    1928 |   0.0 | 32801
               +---------+---------+-------+---------+---------+-------+---------
           D:1 |       0 |      35 |   0.0 |       0 |      20 |   0.0 |   871
           D:2 |       0 |      80 |   0.0 |       0 |       9 |   0.0 |   886
           D:3 |       0 |     464 |   0.0 |       0 |      31 |   0.0 |   691
           D:4 |       0 |     850 |   0.0 |       0 |      32 |   0.0 |   595
           D:5 |       0 |     300 |   0.0 |       0 |      13 |   0.0 |   701
           D:6 |       0 |    1403 |   0.0 |       0 |      34 |   0.0 |   902
           D:7 |       0 |    1362 |   0.0 |       0 |      25 |   0.0 |   838
           D:8 |       0 |    5374 |   0.0 |       0 |      25 |   0.0 |   802
           D:9 |       0 |    3050 |   0.0 |       0 |      46 |   0.0 |   871
          D:10 |       0 |    2847 |   0.0 |       0 |      39 |   0.0 |   934
          D:11 |       0 |    6376 |   0.0 |       0 |      39 |   0.0 |   730
          D:12 |       0 |    6135 |   0.0 |       0 |      35 |   0.0 |   605
          D:13 |       0 |   10678 |   0.0 |       0 |      60 |   0.0 |   571
          D:14 |       0 |    2250 |   0.0 |       0 |       8 |   0.0 |   494
          D:15 |       0 |   10080 |   0.0 |       0 |      26 |   0.0 |   577
        Lair:1 |       0 |    1330 |   0.0 |       0 |       8 |   0.0 |   271
        Lair:2 |       0 |    6403 |   0.0 |       0 |      25 |   0.0 |   887
        Lair:3 |       0 |    3622 |   0.0 |       0 |      16 |   0.0 |   663
        Lair:4 |       0 |    5653 |   0.0 |       0 |      19 |   0.0 |   674
        Lair:5 |       0 |    2909 |   0.0 |       0 |       8 |   0.0 |   589
        Lair:6 |       0 |   22309 |   0.0 |       0 |      63 |   0.0 |   946
      Shoals:1 |       0 |   19227 |   0.0 |       0 |      38 |   0.0 |   563
      Shoals:2 |       0 |   18465 |   0.0 |       0 |      37 |   0.0 |   601
      Shoals:3 |       0 |   27834 |   0.0 |       0 |      31 |   0.0 |   591
      Shoals:4 |       0 |   30913 |   0.0 |       0 |      49 |   0.0 |   611
       Snake:1 |       0 |   27886 |   0.0 |       0 |      55 |   0.0 |   522
       Snake:2 |       0 |   28404 |   0.0 |       0 |      57 |   0.0 |   629
       Snake:3 |       0 |   31461 |   0.0 |       0 |      47 |   0.0 |   656
       Snake:4 |       0 |   61651 |   0.0 |       0 |     103 |   0.0 |  1513
       Slime:1 |       0 |   24591 |   0.0 |       0 |      40 |   0.0 |   171
       Slime:2 |       0 |   21436 |   0.0 |       0 |      35 |   0.0 |   255
       Slime:3 |       0 |   17129 |   0.0 |       0 |      39 |   0.0 |   451
       Slime:4 |       0 |   10576 |   0.0 |       0 |      20 |   0.0 |   145
       Slime:5 |       0 |   47810 |   0.0 |       0 |      38 |   0.0 |   620
         Orc:1 |       0 |   11736 |   0.0 |       0 |      66 |   0.0 |   754
         Orc:2 |       0 |   11152 |   0.0 |       0 |      79 |   0.0 |   649
         Elf:1 |       0 |   27503 |   0.0 |       0 |      43 |   0.0 |  1174
         Elf:2 |       0 |   48249 |   0.0 |       0 |      69 |   0.0 |   746
         Elf:3 |       0 |   73904 |   0.0 |       0 |      76 |   0.0 |  1310
      Depths:1 |       0 |   29711 |   0.0 |       0 |      39 |   0.0 |   752
      Depths:2 |       0 |   80412 |   0.0 |       0 |      87 |   0.0 |  1325
      Depths:3 |       0 |   47099 |   0.0 |       0 |      53 |   0.0 |   672
      Depths:4 |       0 |   86029 |   0.0 |       0 |      72 |   0.0 |  1030
      Depths:5 |       0 |   15464 |   0.0 |       0 |      25 |   0.0 |   288
         Zig:1 |       0 |    1635 |   0.0 |       0 |       4 |   0.0 |    34
         Zig:2 |       0 |    2172 |   0.0 |       0 |       3 |   0.0 |    53
         Zig:3 |       0 |    8747 |   0.0 |       0 |       3 |   0.0 |    45
         Zig:4 |       0 |    5072 |   0.0 |       0 |       4 |   0.0 |    33
         Zig:5 |       0 |    7788 |   0.0 |       0 |       6 |   0.0 |    92
         Zig:6 |       0 |    6440 |   0.0 |       0 |      13 |   0.0 |    75
         Zig:7 |       0 |    3715 |   0.0 |       0 |       5 |   0.0 |    19
         Zig:8 |       0 |    7852 |   0.0 |       0 |      13 |   0.0 |   164
         Zig:9 |       0 |    2736 |   0.0 |       0 |       6 |   0.0 |    31
        Zig:10 |       0 |   16600 |   0.0 |       0 |      19 |   0.0 |   189
        Zig:11 |       0 |   26795 |   0.0 |       0 |      14 |   0.0 |    27
           Lab |       0 |    1920 |   0.0 |       0 |       7 |   0.0 |   344
         IceCv |       0 |   10677 |   0.0 |       0 |      52 |   0.0 |   425
               +---------+---------+-------+---------+---------+-------+---------
